Map: Cradle of Death

Players

Atos

  • Race: Zerg Zerg
  • Spawn Location: 0:00

NamroodTuo

  • Race: Zerg Zerg

VOD

Have the link to the VOD?

Description

Time

  • Played on: April 29, 2023, 7:28 a.m.
  • Length: 19:14
Show
View Real Time Build Order
Export as new Build Order

Atos Zerg 

Build Orders:  

Get SALT Encoding   

  12  0:05  Drone  
  13  0:11  Unknown  
  13  0:21  Overlord  
  13  0:25  Drone  
  14  0:34  Extractor  
  14  0:36  Drone  
  14  0:37  Extractor  
  13  0:43  Drone  
  14  0:58  Drone  
  15  1:03  Drone  
  16  1:21  Drone  
  17  1:37  Drone  
  18  1:47  Drone  
  19  2:08  Hatchery  
  18  2:11  Drone  
  19  2:20  Drone  
  20  2:35  Drone  
  21  2:47  Spawning Pool  
  20  2:51  Drone  
  21  3:02  Drone  
  21  3:09  Drone  
  23  3:17  Drone  
  24  3:24  Lair  
  24  3:33  Drone  
  24  3:35  Drone  
  26  3:44  Overlord  
  26  3:48  Drone  
  27  4:00  Drone  
  28  4:41  Drone x2  
  28  4:43  Hive  
  30  4:50  Nydus Network  
  30  4:55  Drone  
  30  4:57  Drone  
  30  4:58  Overlord x2  
  31  5:08  Unknown  
  31  5:42  Hatchery  
  31  5:44  Extractor  
  31  5:45  Extractor  
  28  6:01  Drone  
  28  6:02  Drone x7  
  36  6:12  Omega Worm  
  36  7:39  Drone  
  37  7:40  Drone x4  
  37  7:42  Drone  
  37  7:43  Drone x7  
  37  7:44  Drone x2  
  51  7:57  Drone x2  
  53  8:11  Nydus Network  
  53  8:17  Unknown  
  52  8:27  Evolution Chamber  
  52  8:29  Evolution Chamber x2  
  49  8:39  Drone x2  
  51  8:55  Ultralisk Cavern  
  51  8:56  Hydralisk Den  
  49  9:10  Hatchery x2  
  49  9:13  Nydus Network  
  49  9:17  Omega Worm  
  46  9:45  Heroic Fortitude, Chain Reaction  
  46  9:46  Ability Efficiency  
  46  9:48  Ancillary Carapace  
  46  10:00  Omega Worm  
  46  10:33  Drone x2  
  46  10:34  Overlord x3  
  46  10:35  Overlord  
  46  10:36  Tissue Assimilation  
  48  10:45  Zerg Ground Armor Level 1  
  48  11:15  Zerg Missile Weapons Level 1  
  48  11:18  Frenzy  
  48  11:32  Adrenal Overload  
  48  11:36  Burrow Charge  
  48  11:38  Unknown  
  48  11:45  Zerg Melee Weapons Level 1  
  48  11:58  Omega Worm  
  48  12:10  Overlord x4  
  48  12:11  Overlord x2  
  48  12:32  Shredding Claws  
  48  12:36  Chitinous Plating  
  48  12:40  Omega Worm  
  70  12:50  Hydralisk x2, Zergling x2  
  70  12:51  Hydralisk x5, Zergling x30  
  70  12:52  Hydralisk x4  
  86  13:18  Muscular Augments  
  86  13:31  Zerg Ground Armor Level 2  
  86  14:02  Hardened Carapace  
  86  14:16  Zerg Missile Weapons Level 2  
  86  14:19  Unknown  
  86  14:32  Zerg Melee Weapons Level 2  
  86  14:35  Ultralisk  
  86  14:36  Ultralisk x2  
  86  14:38  Zergling x2  
  86  14:39  Zergling x18  
  89  14:40  Overlord, Zergling x10  
  119  15:02  Metabolic Boost  
  119  15:03  Zergling x8  
  119  15:04  Zergling x7  
  119  15:05  Zergling x4  
  119  15:06  Zergling x3  
  119  15:07  Zergling x2  
  119  15:08  Zergling x3  
  119  15:09  Zergling x6  
  119  15:10  Zergling x2  
  119  15:13  Zergling x2  
  119  15:14  Zergling x10  
  119  15:17  Hydralisk x2  
  119  15:18  Hydralisk x2  
  128  15:41  Omega Worm  
  128  15:58  Overlord x3  
  128  15:59  Overlord x3  
  130  16:04  Zergling x4  
  130  16:05  Hydralisk, Zergling x2  
  130  16:06  Hydralisk x2  
  137  16:23  Unknown  
  137  16:49  Zergling x6  
  144  16:54  Hydralisk x2  
  144  17:29  Zergling  
  144  17:30  Zergling x6  
  144  17:31  Zergling x8  
  144  17:32  Zergling x7  
  144  17:33  Zergling x14  
  144  17:34  Zergling x8  
  144  17:35  Zergling x16  
  144  17:38  Zergling x2  
  144  17:39  Zergling  
  144  17:43  Zergling  
  144  17:44  Zergling x2  
  144  17:45  Ultralisk x3, Zergling  
  144  17:46  Zergling x2  
  144  17:48  Zergling x2  
  144  17:49  Zergling x2  
  164  17:50  Zergling x11  
  164  17:51  Zergling x23, Omega Worm  
  164  17:52  Hydralisk, Zergling x29  
  164  17:53  Zergling x19  
  164  17:54  Zergling x16, Ultralisk  
  164  17:55  Zergling x29  
  164  17:56  Zergling x10  
  164  17:57  Zergling x16  
  164  17:58  Zergling x14  
  164  17:59  Zergling x11  
  163  18:00  Zergling x15  
  163  18:01  Zergling x2  
  163  18:02  Zergling x10  
  163  18:03  Zergling x24  
  163  18:04  Zergling x8  
  163  18:05  Zergling x8  
  163  18:06  Zergling x12  
  163  18:07  Zergling x9  
  163  18:08  Zergling x11, Omega Worm  
  163  18:09  Zergling x24  
  162  18:10  Zergling x10  
  162  18:11  Zergling x8  
  162  18:12  Zergling x13  
  162  18:13  Zergling x20  
  162  18:14  Zergling x8  
  162  18:15  Zergling x6  
  162  18:16  Zergling x3  
  162  18:17  Zergling x10  
  162  18:18  Zergling x6  
  162  18:19  Zergling x6  
  159  18:20  Zergling x7  
  159  18:21  Zergling x10  
  159  18:22  Zergling x4  
  159  18:23  Zergling x7  
  159  18:24  Zergling x3  
  159  18:25  Zergling x3  
  159  18:26  Zergling x3  
  145  18:45  Omega Worm  
Show
View Real Time Build Order
Export as new Build Order

NamroodTuo Zerg 

Build Orders:  

Get SALT Encoding   

  12  0:13  Unknown  
  12  0:21  Infested Barracks  
  12  0:26  Infested SCV  
  13  0:46  Overlord  
  13  0:47  Infested SCV  
  14  0:51  Infested SCV  
  15  1:20  Infested SCV  
  15  1:23  Infestation Level 1  
  15  1:27  Infested SCV  
  17  1:32  Infested SCV  
  18  1:48  Infested SCV  
  19  1:51  Overlord  
  19  1:55  Infested SCV  
  20  2:02  Infested Marine x3  
  23  2:17  Overlord  
  23  2:23  Infested Refinery  
  23  2:25  Infested SCV  
  24  2:44  Infested Refinery  
  24  2:53  Infested Engineering Bay  
  24  2:59  Infested SCV  
  25  3:00  Infested SCV  
  26  3:18  Infested SCV  
  24  4:24  Unknown  
  24  4:56  Infested Factory, Infested SCV x3  
  24  4:57  Infested SCV  
  24  4:58  Overlord  
  28  5:02  Infestation Level 2  
  28  5:05  Stukov Infantry Weapons Level 1  
  28  5:06  Unknown  
  28  5:18  Overlord  
  28  5:19  Infested Bunker  
  32  6:03  Infested Marine  
  32  6:04  Infested Marine x10  
  47  6:11  Infested Bunker  
  40  7:02  Anaerobic Enhancement  
  38  7:10  Overlord x2  
  38  7:11  Overlord, Infested SCV x2  
  39  7:21  Overseer  
  39  7:22  Overseer x2  
  39  7:26  Infested Barracks Tech Lab  
  38  7:45  Regenerative Plating  
  38  8:02  Broodling Gestation  
  38  8:07  Retinal Augmentation  
  42  8:20  Unknown  
  42  8:26  Infested Bunker  
  42  8:45  Stukov Infantry Armor Level 1, Infested Command Center  
  42  9:07  Plagued Munitions  
  42  9:12  Infested SCV  
  42  9:13  Infested SCV  
  44  9:23  Infested Armory  
  44  10:26  Infested Bunker  
  44  10:27  Infested SCV x2  
  44  10:28  Infested SCV  
  51  10:48  Infestation Level 3  
  51  11:19  Infested Bunker  
  55  11:20  Infested SCV  
  55  11:21  Infested SCV  
  55  11:25  Stukov Infantry Weapons Level 2, Infested SCV  
  58  11:44  Infested SCV  
  58  11:45  Infested SCV  
  58  11:46  Aggressive Incubation  
  64  12:10  Infested Bunker  
  64  12:23  Infested Marine  
  64  12:24  Infested Marine x15  
  64  12:25  Infested Marine x2  
  82  12:49  Stukov Vehicle and Ship Armor Level 1  
  82  12:53  Infested SCV x4  
  86  13:15  Infested SCV  
  84  13:23  Infested Bunker  
  82  13:47  Infested Marine  
  82  13:49  Infested Marine  
  75  13:50  Infested Marine x4  
  75  13:51  Infested Marine  
  80  14:35  Stukov Infantry Armor Level 2  
  80  14:49  Infested Marine  
  76  14:50  Infested Marine x12  
  76  14:51  Infested Marine x4  
  76  14:58  Overlord x2  
  76  14:59  Overlord x3  
  92  15:01  Overlord x4  
  92  15:02  Overlord  
  91  15:29  Stukov Vehicle and Ship Weapons Level 1  
  89  16:19  Infested Bunker  
  101  16:21  Unknown, Infested Bunker  
  89  17:07  Infested Bunker  
  89  17:10  Infested Marine x3  
  89  17:11  Infested Marine x17  
  89  17:16  Infested Bunker  
  109  17:22  Infested Marine  
  109  17:23  Infested Marine  
  109  17:29  Infested Bunker  
  119  17:37  Infested Bunker  
  127  17:44  Calcified Armor  
  114  18:19  Infested Bunker  
  111  18:28  Infested Marine, Infested Bunker  
  111  18:29  Infested Marine x12  
Tags
 
Matchup
Co-op
Replay Pack
Multiplayer
Add a new tag
Caveats
  • Supply blocks, unpowered buildings, or Contaminate may cause inaccurate times.
  • Supply counts are checked every 10 seconds.